SAAA
AUGUSTA TIMBER HAWKS @ BLOOMINGTON LONGNECKS
07/19/2024
 
TOP OF THE 1ST
Augusta Timber Hawks batting - Pitching for Bloomington Longnecks : RHP Jim Unknown
Pitching: RHP Jim Unknown
Batting: SHB Manuel González 0-0: Ball
1-0: Ball
2-0: Ball
3-0: Base on Balls
Batting: LHB Mike Hanson 0-0: Called Strike
0-1: Ball
1-1: Ball
2-1: Reached on error, E1 (Groundball, 15)
Manuel González to second
Batting: LHB Brad Lawrence 0-0: Ball
1-0: Ball
Manuel González steals 3rd base
Mike Hanson to second
2-0: Called Strike
2-1: SINGLE (Line Drive, 89S)
Manuel González scores
Mike Hanson to third
Runner from 3rd tries for Home, SAFE, no throw or cutoff
Batting: RHB Bob Sargent 0-0: SINGLE (Line Drive, 4MD)
Brad Lawrence to second
Runner from 2nd tries for 3rd, SAFE, throw made to third
Batting: LHB Juan Gabriel 0-0: Ball
1-0: Fly out, F7 (Line Drive, 7LS)
Runner from 3rd tags up, SCORES, no throw
Batting: RHB Danny Penn 0-0: Called Strike
0-1: Called Strike
0-2: Ball
1-2: Foul Ball, location: 2F
1-2: Ball
2-2: Grounds into double play, 6-4-3 (Groundball, 6M)
Top of the 1st over - 3 run(s), 2 hit(s), 1 error(s), 0 left on base; Augusta 3 - Bloomington 0
BOTTOM OF THE 1ST
Bloomington Longnecks batting - Pitching for Augusta Timber Hawks : RHP Jorge Rosales
Pitching: RHP Jorge Rosales
Batting: RHB Sergio Cortéz 0-0: Called Strike
0-1: Ball
1-1: Ball
2-1: Foul Ball, location: 2F
2-2: Ball
3-2: Base on Balls
Batting: RHB Ethan Miller 0-0: Called Strike
0-1: Ball
1-1: Ball
Wild Pitch!
Sergio Cortéz to second
2-1: Ball
3-1: Base on Balls
Batting: RHB Steve Ladner 0-0: Called Strike
0-1: Ball
1-1: Fielders Choice at 2nd, 6-4 (Groundball, 6)
Sergio Cortéz to third
Batting: RHB Kyle Bridges 0-0: Ball
1-0: Ball
2-0: Swinging Strike
2-1: Foul Ball, location: 2F
2-2: Strikes out swinging
Batting: LHB Fernando González 0-0: SINGLE (Groundball, 3S)
Sergio Cortéz scores
Steve Ladner to second
Runner from 2nd tries for 3rd, SAFE, no throw or cutoff
Batting: LHB Ray Anderson 0-0: Called Strike
0-1: Foul Ball, location: 2F
0-2: Ball
1-2: Foul Ball, location: 2F
1-2: Hit by Pitch
Fernando González to second
Batting: LHB Juan Hernández 0-0: SINGLE (Popup, 78S)
Steve Ladner scores
Fernando González to third
Ray Anderson to second
Runner from 3rd tries for Home, SAFE, throw made at trailing runner, OUT at third!
Bottom of the 1st over - 3 run(s), 2 hit(s), 0 error(s), 1 left on base; Augusta 3 - Bloomington 3
TOP OF THE 2ND
Augusta Timber Hawks batting - Pitching for Bloomington Longnecks : RHP Jim Unknown
Batting: RHB Derrek Conklin 0-0: Ball
1-0: Foul Ball, location: 2F
1-1: Ball
2-1: Ball
3-1: Called Strike
3-2: Strikes out looking
Batting: RHB Hiwahikeiki Noelani 0-0: Fly out, F8 (Flyball, 8LM)
Batting: SHB Phil Moore 0-0: Ball
1-0: Called Strike
1-1: Ball
2-1: Called Strike
2-2: Ball
3-2: Strikes out swinging
Top of the 2nd over - 0 run(s), 0 hit(s), 0 error(s), 0 left on base; Augusta 3 - Bloomington 3
BOTTOM OF THE 2ND
Bloomington Longnecks batting - Pitching for Augusta Timber Hawks : RHP Jorge Rosales
Batting: RHB Michael Hicks 0-0: Fly out, F8 (Line Drive, 8RM)
Batting: RHB Tom Potts 0-0: Ball
1-0: Ball
2-0: Ball
3-0: Called Strike
3-1: Called Strike
3-2: Foul Ball, location: 2F
3-2: Foul Ball, location: 2F
3-2: Fly out, F8 (Flyball, 8RXD)
Batting: RHB Sergio Cortéz 0-0: Ball
1-0: Ball
2-0: Ball
3-0: Called Strike
3-1: Swinging Strike
3-2: Base on Balls
Batting: RHB Ethan Miller 0-0: Called Strike
Sergio Cortéz steals 2nd base
0-1: Foul Ball, location: 2F
0-2: Foul Ball, location: 2F
0-2: Fly out, F8 (Line Drive, 8LM)
Bottom of the 2nd over - 0 run(s), 0 hit(s), 0 error(s), 1 left on base; Augusta 3 - Bloomington 3
TOP OF THE 3RD
Augusta Timber Hawks batting - Pitching for Bloomington Longnecks : RHP Jim Unknown
Batting: SHB Manuel González 0-0: Ball
1-0: Ground out 4-3 (Groundball, 4)
Batting: LHB Mike Hanson 0-0: SINGLE (Line Drive, 9S)
Batting: LHB Brad Lawrence 0-0: Ball
1-0: Foul Ball, location: 2F
1-1: Fly out, F8 (Line Drive, 8RD)
Batting: RHB Bob Sargent 0-0: Ball
1-0: Ball
2-0: Called Strike
2-1: SINGLE (Line Drive, 6M)
Mike Hanson to second
Batting: LHB Juan Gabriel Balk!
Mike Hanson to third
Bob Sargent to second
0-0: Foul Ball, location: 2F
0-1: Foul Ball, location: 2F
0-2: Strikes out swinging
Top of the 3rd over - 0 run(s), 2 hit(s), 0 error(s), 2 left on base; Augusta 3 - Bloomington 3
BOTTOM OF THE 3RD
Bloomington Longnecks batting - Pitching for Augusta Timber Hawks : RHP Jorge Rosales
Batting: RHB Steve Ladner 0-0: Ball
1-0: Ball
2-0: Ball
3-0: Base on Balls
Batting: RHB Kyle Bridges 0-0: Ball
1-0: SINGLE (Groundball, 56D)
Steve Ladner to second
Batting: LHB Fernando González 0-0: Ball
1-0: Ball
2-0: Ball
3-0: Base on Balls
Steve Ladner to third
Kyle Bridges to second
Batting: LHB Ray Anderson 0-0: Ball
1-0: Called Strike
1-1: Called Strike
1-2: Ball
2-2: Ball
3-2: Ground out U3 (Groundball, 3S)
Steve Ladner scores
Kyle Bridges to third
Fernando González to second
Batting: LHB Juan Hernández 0-0: Ball
1-0: Called Strike
1-1: Called Strike
1-2: Ball
2-2: Strikes out swinging
Batting: RHB Michael Hicks 0-0: Called Strike
0-1: Fly out, F6 (Line Drive, 6)
Bottom of the 3rd over - 1 run(s), 1 hit(s), 0 error(s), 2 left on base; Augusta 3 - Bloomington 4
TOP OF THE 4TH
Augusta Timber Hawks batting - Pitching for Bloomington Longnecks : RHP Jim Unknown
Batting: RHB Danny Penn 0-0: Ball
1-0: Fly out, F7 (Flyball, 7M)
Batting: RHB Derrek Conklin 0-0: Ball
1-0: Foul Ball, location: 2F
1-1: Ground out 5-3 (Groundball, 56)
Batting: RHB Hiwahikeiki Noelani 0-0: Ball
1-0: Called Strike
1-1: Foul Ball, location: 2F
1-2: Ball
2-2: Ball
3-2: SINGLE (Line Drive, 56D)
Batting: SHB Phil Moore 0-0: Called Strike
0-1: Called Strike
0-2: Strikes out swinging
Top of the 4th over - 0 run(s), 1 hit(s), 0 error(s), 1 left on base; Augusta 3 - Bloomington 4
BOTTOM OF THE 4TH
Bloomington Longnecks batting - Pitching for Augusta Timber Hawks : RHP Jorge Rosales
Batting: RHB Tom Potts 0-0: Called Strike
0-1: Ball
1-1: Swinging Strike
1-2: Foul Ball, location: 2F
1-2: Ground out 6-3 (Groundball, 6MS)
Batting: RHB Sergio Cortéz 0-0: Ball
1-0: Swinging Strike
1-1: Fly out, F3 (Popup, 34S)
Batting: RHB Ethan Miller 0-0: Foul Ball, location: 2F
0-1: Ball
1-1: Called Strike
1-2: Ball
2-2: Ball
3-2: Strikes out swinging
Bottom of the 4th over - 0 run(s), 0 hit(s), 0 error(s), 0 left on base; Augusta 3 - Bloomington 4
TOP OF THE 5TH
Augusta Timber Hawks batting - Pitching for Bloomington Longnecks : RHP Jim Unknown
Batting: SHB Manuel González 0-0: Called Strike
0-1: Called Strike
0-2: SOLO HOME RUN (Line Drive, 9D), Distance : 342 ft
Batting: LHB Mike Hanson 0-0: Ball
1-0: Called Strike
1-1: Ball
2-1: Fly out, F8 (Flyball, 8RM)
Batting: LHB Brad Lawrence 0-0: Ball
1-0: Called Strike
1-1: Swinging Strike
1-2: Fly out, F6 (Line Drive, 6)
Batting: RHB Bob Sargent 0-0: Ball
1-0: Ball
2-0: Ball
3-0: Called Strike
3-1: Fly out, F8 (Flyball, 8LM)
Top of the 5th over - 1 run(s), 1 hit(s), 0 error(s), 0 left on base; Augusta 4 - Bloomington 4
BOTTOM OF THE 5TH
Bloomington Longnecks batting - Pitching for Augusta Timber Hawks : RHP Jorge Rosales
Batting: RHB Steve Ladner 0-0: Ball
1-0: Ball
2-0: Hit by Pitch
Batting: RHB Kyle Bridges 0-0: Grounds into double play, 6-4-3 (Groundball, 6)
Batting: LHB Fernando González 0-0: Ground out 1-3 (Groundball, 13S)
Bottom of the 5th over - 0 run(s), 0 hit(s), 0 error(s), 0 left on base; Augusta 4 - Bloomington 4
TOP OF THE 6TH
Augusta Timber Hawks batting - Pitching for Bloomington Longnecks : RHP Jim Unknown
Batting: LHB Juan Gabriel 0-0: Swinging Strike
0-1: SINGLE (Line Drive, 8LS)
Batting: RHB Danny Penn 0-0: Sac Bunt - play at second, runner OUT! 1-6
Batting: RHB Derrek Conklin 0-0: Called Strike
0-1: Foul Ball, location: 2F
0-2: Ball
1-2: Foul Ball, location: 2F
1-2: Fly out, F9 (Line Drive, 9S)
Batting: RHB Hiwahikeiki Noelani 0-0: Ball
1-0: Ball
2-0: Called Strike
2-1: Fly out, F9 (Flyball, 9S)
Top of the 6th over - 0 run(s), 1 hit(s), 0 error(s), 1 left on base; Augusta 4 - Bloomington 4
BOTTOM OF THE 6TH
Bloomington Longnecks batting - Pitching for Augusta Timber Hawks : RHP Jorge Rosales
Batting: LHB Ray Anderson 0-0: SINGLE (Groundball, 15) (infield hit)
Batting: LHB Juan Hernández 0-0: Bunt missed!
0-1: Sac Bunt - play at first, batter OUT! 3-4
Ray Anderson to second
Pitching: RHP Norm Burris
Batting: RHB Michael Hicks 0-0: Ball
1-0: Called Strike
1-1: Ground out 6-3 (Groundball, 6)
Batting: RHB Tom Potts 0-0: Called Strike
0-1: Ball
1-1: Ball
2-1: SINGLE (Groundball, 13) (infield hit)
Ray Anderson to third
Pinch Runner at 1st Jim Unknown:
Batting: RHB Sergio Cortéz 0-0: Ball
1-0: Ball
2-0: Called Strike
2-1: Ball
3-1: SINGLE (Line Drive, 78S)
Ray Anderson scores
Jim Unknown to second
Batting: RHB Ethan Miller 0-0: Called Strike
0-1: Foul Ball, location: 2F
0-2: Ground out 5-3 (Groundball, 5)
Bottom of the 6th over - 1 run(s), 3 hit(s), 0 error(s), 2 left on base; Augusta 4 - Bloomington 5
TOP OF THE 7TH
Augusta Timber Hawks batting - Pitching for Bloomington Longnecks : RHP Jim Unknown
Now at 2B: Jim Unknown
Batting: SHB Phil Moore 0-0: Called Strike
0-1: Ball
1-1: Called Strike
1-2: SINGLE (Groundball, 3S)
Batting: SHB Manuel González 0-0: Sac Bunt - play at first, batter OUT! 1-4
Phil Moore to second
Batting: LHB Mike Hanson 0-0: Swinging Strike
0-1: Swinging Strike
0-2: Ball
1-2: Ground out 6-3 (Groundball, 6)
Batting: LHB Brad Lawrence 0-0: Foul Ball, location: 2F
0-1: Foul Ball, location: 2F
0-2: Foul Ball, location: 2F
0-2: SINGLE (Line Drive, 7LS)
Phil Moore to third
Batting: RHB Bob Sargent 0-0: Foul Ball, location: 2F
0-1: Ball
1-1: Swinging Strike
1-2: Ball
2-2: Foul Ball, location: 2F
2-2: Foul Ball, location: 2F
2-2: Strikes out swinging
Top of the 7th over - 0 run(s), 2 hit(s), 0 error(s), 2 left on base; Augusta 4 - Bloomington 5
BOTTOM OF THE 7TH
Bloomington Longnecks batting - Pitching for Augusta Timber Hawks : RHP Norm Burris
Batting: RHB Steve Ladner 0-0: Foul Ball, location: 2F
0-1: Ball
1-1: SINGLE (Line Drive, 6MD)
Batting: RHB Kyle Bridges 0-0: Ball
1-0: Swinging Strike
1-1: Ball
2-1: Ground out 5-3 (Groundball, 5S)
Steve Ladner to second
Batting: LHB Fernando González 0-0: Called Strike
0-1: SINGLE (Groundball, 56D)
Steve Ladner to third
Runner from 3rd tries for Home, SAFE, no throw or cutoff
Batting: LHB Ray Anderson 0-0: Fly out, F9 (Flyball, 9LM)
Batting: LHB Juan Hernández 0-0: Ball
1-0: Fly out, F2 (Popup, 25F)
Bottom of the 7th over - 1 run(s), 2 hit(s), 0 error(s), 1 left on base; Augusta 4 - Bloomington 6
TOP OF THE 8TH
Augusta Timber Hawks batting - Pitching for Bloomington Longnecks : RHP Jim Unknown
Pitching: RHP Jim Unknown
Batting: LHB Juan Gabriel 0-0: Ball
1-0: SINGLE (Groundball, 56D)
Batting: RHB Danny Penn 0-0: Foul Ball, location: 2F
0-1: Fly out, F3 (Popup, 34)
Batting: RHB Derrek Conklin 0-0: Called Strike
0-1: Hit by Pitch
Juan Gabriel to second
Batting: RHB Hiwahikeiki Noelani 0-0: Ball
1-0: Swinging Strike
1-1: Swinging Strike
1-2: Ball
2-2: Ball
3-2: DOUBLE (Line Drive, 89S)
Juan Gabriel scores
Derrek Conklin to third
Batting: SHB Phil Moore 0-0: Ball
1-0: Ball
2-0: Called Strike
2-1: Fly out, F7 (Line Drive, 7M)
Runner from 3rd tags up, SCORES, throw made
Pinch Hitting: LHB Dinis Marcha 0-0: Ball
1-0: Ball
2-0: Ball
3-0: Called Strike
3-1: Foul Ball, location: 2F
3-2: SINGLE (Groundball, 4MD)
Hiwahikeiki Noelani to third
Hiwahikeiki Noelani scores
Pitching: RHP Jim Unknown
Batting: LHB Mike Hanson 0-0: Swinging Strike
0-1: Ground out 2-3 (Groundball, 2L)
Top of the 8th over - 3 run(s), 3 hit(s), 0 error(s), 1 left on base; Augusta 7 - Bloomington 6
BOTTOM OF THE 8TH
Bloomington Longnecks batting - Pitching for Augusta Timber Hawks : RHP Norm Burris
Now at 3B: Lawrence Franklin
Now at SS: Oscar Lewis
Batting: RHB Michael Hicks 0-0: Ball
1-0: Ball
2-0: Swinging Strike
2-1: Ball
3-1: Base on Balls
Batting: RHB Jim Unknown 0-0: Ball
1-0: Ball
2-0: Bunted foul
2-1: Ball
3-1: Sac Bunt - play at first, batter OUT! 4-3
Michael Hicks to second
Batting: RHB Sergio Cortéz 0-0: Called Strike
0-1: Ball
1-1: Ball
2-1: Ground out 6-3 (Groundball, 6S)
Michael Hicks to third
Batting: RHB Ethan Miller 0-0: 2-RUN HOME RUN (Line Drive, 7D), Distance : 406 ft
Pitching: LHP Arnold Berry
Batting: RHB Steve Ladner 0-0: Foul Ball, location: 2F
0-1: Ball
1-1: Fly out, F8 (Flyball, 8RD)
Bottom of the 8th over - 2 run(s), 1 hit(s), 0 error(s), 0 left on base; Augusta 7 - Bloomington 8
TOP OF THE 9TH
Augusta Timber Hawks batting - Pitching for Bloomington Longnecks : RHP Jim Unknown
Pitching: RHP Jim Unknown
Batting: LHB Brad Lawrence 0-0: Ball
1-0: Fly out, F5 (Popup, 5F)
Batting: RHB Bob Sargent 0-0: Foul Ball, location: 2F
0-1: Ball
1-1: Ground out 5-3 (Groundball, 56S)
Batting: LHB Juan Gabriel 0-0: Swinging Strike
0-1: Called Strike
0-2: Strikes out looking
Top of the 9th over - 0 run(s), 0 hit(s), 0 error(s), 0 left on base; Augusta 7 - Bloomington 8
This league is powered by Out of the Park Baseball, the baseball management simulation game for PC, Mac and Linux
Monday, October 3rd, 2016 - OOTP Baseball 16.9 Build 39